 Dungeon Crawl Stone Soup version 0.29.0-4-gdea44cf6ec (webtiles) character file.

Game seed: 7849593539132328645

172 qw the Chopper (level 5, -3/30 HPs)
             Began as a Tengu Warper on Aug 28, 2022.
             Slain by a scorpion (6 damage)
             ... on level 4 of the Dungeon.
             The game lasted 00:00:23 (4110 turns).

qw the Chopper (Tengu Warper)                       Turns: 4110, Time: 00:00:23

Health: -3/30      AC:  5    Str: 13    XL:     5   Next: 52%
Magic:  9/9        EV:  7    Int: 11    God:
Gold:   147        SH:  0    Dex: 14    Spells: 8/8 levels left

rFire   . . .      SeeInvis +   Y - +1 hand axe
rCold   . . .      Faith    .   (no shield)
rNeg    . . .      Spirit   .   o - +0 chain mail
rPois   .          Reflect  .   (helmet restricted)
rElec   .          Harm     .   n - +0 cloak
rCorr   .          Rampage  .   (no gloves)
Will    .....                   (boots unavailable)
Stlth   ..........              (no amulet)
HPRegen 0.10/turn               l - ring of see invisible
MPRegen 0.11/turn               (no ring)

@: lethally poisoned (-3 -> -17), about to teleport, flying quickly and
evasively, quick
A: beak, talons 3, nimble flight, deformed body, dopey 1
a: no special abilities


You were on level 4 of the Dungeon.
You visited 1 branch of the dungeon, and saw 4 of its levels.

You collected 147 gold pieces.


Innate Abilities, Weirdness & Mutations

You have a beak for a mouth.
You have claws for feet.
Your magical nature lets you fly swiftly and evasively.
Armour fits poorly on your strangely shaped body.
You are dopey. (Int -2)


   Skills:
 - Level 2.0 Fighting
 - Level 6.1 Axes
 - Level 1.0 Throwing
 + Level 1.1 Armour
 - Level 2.1 Dodging
 - Level 2.0 Spellcasting
 - Level 2.4 Translocations


You had 8 spell levels left.
You didn't know any spells.
Your spell library contained the following spells:

 Spells                   Type           Power      Damage    Failure   Level
 Blink                    Tloc           12%        N/A       99%         2
 Gell's Gravitas          Tloc           6%         N/A       100%        3
 Lesser Beckoning         Tloc           6%         N/A       100%        3
 Teleport Other           Tloc           6%         N/A       100%        3
 Manifold Assault         Tloc           6%         N/A       100%        5

Inventory:

Hand Weapons
 r - a +0 flail
 Y - a +1 hand axe (weapon)
Armour
 n - a +0 cloak (worn)
 o - a +0 chain mail (worn)
Jewellery
 l - a ring of see invisible (left hand)
Scrolls
 a - 3 scrolls of teleportation
 f - a scroll of identify
Potions
 c - a potion of attraction {unknown}
 d - a potion of resistance {unknown}
 g - a potion of might {unknown}
 i - a potion of degeneration {unknown}
 j - a potion of curing {unknown}

Dungeon Overview and Level Annotations

Branches:
Dungeon (4/15)
 Temple: D:4-7

Altars:
Fedhas


Message History

The kobold hits you with a +0 whip.
You hit the kobold.
You kill the kobold!
4049 ||| FLEEEEING.
There is a stone staircase leading up here.
4050 ||| STAIRDANCE You fly upwards.
There is a stone staircase leading down here.
You start resting.
HP restored.
Done exploring.
(D) Dungeon
Where to? (* - list waypoints, Enter - D:4, ? - help)
What level of the Dungeon? (default 1, ? - help)
You fly downwards.
You hear the sound of rushing water.
There is an entrance to a sewer on this level.
Hurry and find it before the portal rusts away!
You hear the slow rusting of a distant drain.
The scorpion stings you.
You are poisoned.
The scorpion poisons you! The scorpion stings you.
You are lethally poisoned!
The scorpion poisons you!
There is a stone staircase leading up here.
You closely miss the scorpion. You claw the scorpion.
Your peck misses the scorpion.
The scorpion is lightly wounded.
You feel extremely sick. The scorpion stings you.
You barely miss the scorpion. Your kick misses the scorpion.
You peck the scorpion.
The scorpion is moderately wounded.
You feel very sick. The scorpion stings you.
4110 ||| READING 4 scrolls of teleportation.
As you read the scroll of teleportation, it crumbles to dust.
You feel strangely unstable.
You feel very sick. The scorpion stings you.
You die...

....... ....
~~..... ...#
~~~~... ...##
~~~~~.. ....
~~~~~..##..#
~~~~~...#.#
~~~~~..s<.#
~~~~!...@.#####
~~..............
....=..(..#.....
..$...#..## ##..
......#... .
.....#$....
..... ..#...
.......##....
.... .. ...##


You could see a scorpion.

Vanquished Creatures
  An orc priest (D:3)
  6 adders
  10 orcs (D:3)
  4 ball pythons
  7 endoplasms
  3 giant cockroaches
  5 goblins
  8 hobgoblins
  5 kobolds
  7 quokkas
  6 bats
  5 frilled lizards (D:1)
  7 rats
  A spectral hobgoblin (D:2)
75 creatures vanquished.

Notes
Turn   | Place    | Note
-------+----------+-------------------------------------------
     0 | D:1      | qw the Tengu Warper began the quest for the Orb.
     0 | D:1      | Reached XP level 1. HP: 12/12 MP: 4/4
     0 | D:1      | 0 ||| qw: Version: 0.1-a-89-g26bdef1
     0 | D:1      | 0 ||| qw: Game counter: 1014
     0 | D:1      | 0 ||| qw: Always use a shield: true
     0 | D:1      | 0 ||| qw: God list: Okawaru
     0 | D:1      | 0 ||| qw: Allow faded altars: false
     0 | D:1      | 0 ||| qw: Do Orc after D:15 true
     0 | D:1      | 0 ||| qw: Do second Lair branch before Depths: true
     0 | D:1      | 0 ||| qw: Lair rune preference: random
     0 | D:1      | 0 ||| qw: Plans: Normal
     0 | D:1      | 0 ||| PLANNING D:1-11
    61 | D:1      | 61 ||| Stepping ~*~*~tactically~*~*~ (stealth).
   107 | D:1      | 107 ||| Stepping ~*~*~tactically~*~*~ (stealth).
   109 | D:1      | 109 ||| Stepping ~*~*~tactically~*~*~ (stealth).
   111 | D:1      | 111 ||| Stepping ~*~*~tactically~*~*~ (stealth).
   112 | D:1      | 112 ||| Stepping ~*~*~tactically~*~*~ (stealth).
   117 | D:1      | 117 ||| Stepping ~*~*~tactically~*~*~ (stealth).
   127 | D:1      | Reached XP level 2. HP: 17/17 MP: 6/6
   127 | D:1      | 127 ||| Stepping ~*~*~tactically~*~*~ (stealth).
   129 | D:1      | 129 ||| Stepping ~*~*~tactically~*~*~ (stealth).
   130 | D:1      | 130 ||| Stepping ~*~*~tactically~*~*~ (stealth).
   136 | D:1      | Reached skill level 3 in Axes
   230 | D:1      | 230 ||| Stepping ~*~*~tactically~*~*~ (stealth).
   231 | D:1      | 231 ||| Stepping ~*~*~tactically~*~*~ (stealth).
   235 | D:1      | 235 ||| Stepping ~*~*~tactically~*~*~ (stealth).
   237 | D:1      | 237 ||| Stepping ~*~*~tactically~*~*~ (stealth).
   238 | D:1      | 238 ||| Stepping ~*~*~tactically~*~*~ (stealth).
   243 | D:1      | 243 ||| Stepping ~*~*~tactically~*~*~ (stealth).
   246 | D:1      | 246 ||| Stepping ~*~*~tactically~*~*~ (stealth).
   251 | D:1      | 251 ||| Stepping ~*~*~tactically~*~*~ (stealth).
   255 | D:1      | 255 ||| Stepping ~*~*~tactically~*~*~ (stealth).
   256 | D:1      | 256 ||| Stepping ~*~*~tactically~*~*~ (stealth).
   266 | D:1      | 266 ||| Stepping ~*~*~tactically~*~*~ (stealth).
   267 | D:1      | 267 ||| Stepping ~*~*~tactically~*~*~ (stealth).
   268 | D:1      | 268 ||| Stepping ~*~*~tactically~*~*~ (stealth).
   269 | D:1      | 269 ||| Stepping ~*~*~tactically~*~*~ (stealth).
   332 | D:1      | 332 ||| Stepping ~*~*~tactically~*~*~ (stealth).
   345 | D:1      | 345 ||| Stepping ~*~*~tactically~*~*~ (stealth).
   396 | D:1      | 396 ||| Stepping ~*~*~tactically~*~*~ (stealth).
   442 | D:1      | 442 ||| Stepping ~*~*~tactically~*~*~ (stealth).
   582 | D:1      | HP: 3/17 [frozen (5)]
   588 | D:1      | Reached XP level 3. HP: 3/21 MP: 7/7
   985 | D:1      | Reached skill level 4 in Axes
  1162 | D:1      | 1162 ||| Stepping ~*~*~tactically~*~*~ (stealth).
  1267 | D:1      | 1267 ||| READING scroll labelled JYUWYETUICI.
  1268 | D:1      | 1268 ||| READING scroll labelled YZXAXZ RIOT.
  1272 | D:1      | 1272 ||| READING scroll labelled GIMAOGH KEUPS.
  1373 | D:1      | 1373 ||| READING scroll labelled PACEPI TOUKA.
  1374 | D:1      | 1374 ||| DROPPING scroll of blinking.
  1448 | D:2      | 1448 ||| Stepping ~*~*~tactically~*~*~ (stealth).
  1463 | D:2      | 1463 ||| FLEEEEING.
  1464 | D:2      | 1464 ||| FLEEEEING.
  1465 | D:2      | 1465 ||| FLEEEEING.
  1466 | D:2      | 1466 ||| FLEEEEING.
  1467 | D:2      | 1467 ||| FLEEEEING.
  1468 | D:2      | 1468 ||| FLEEEEING.
  1469 | D:2      | 1469 ||| FLEEEEING.
  1470 | D:2      | 1470 ||| FLEEEEING.
  1473 | D:2      | 1473 ||| FLEEEEING.
  1474 | D:2      | 1474 ||| FLEEEEING.
  1475 | D:2      | 1475 ||| FLEEEEING.
  1483 | D:2      | 1483 ||| STAIRDANCE
  1573 | D:2      | 1573 ||| Stepping ~*~*~tactically~*~*~ (hiding).
  1575 | D:2      | 1575 ||| Stepping ~*~*~tactically~*~*~ (hiding).
  1769 | D:2      | Found a blossoming altar of Fedhas.
  1774 | D:2      | 1774 ||| DROPPING +0 club.
  1806 | D:2      | Found a faded altar of an unknown god.
  1807 | D:2      | 1807 ||| Stepping ~*~*~tactically~*~*~ (water).
  2229 | D:2      | Reached XP level 4. HP: 26/26 MP: 8/8
  2590 | D:2      | 2590 ||| UPGRADING to +0 cloak.
  2595 | D:2      | 2595 ||| UPGRADING to ring of see invisible.
  2596 | D:2      | 2596 ||| READING scroll labelled REUZXE JAONN.
  2597 | D:2      | 2597 ||| DRINKING 2 grey potions.
  2597 | D:2      | Gained mutation: You occasionally lose the ability to drink
                  | potions when taking damage. [potion of mutation]
  2597 | D:2      | Gained mutation: You have sharp fingernails. [potion of
                  | mutation]
  2597 | D:2      | Gained mutation: You have hidden genetic potential. [potion
                  | of mutation]
  2598 | D:2      | 2598 ||| DRINKING potion of mutation.
  2598 | D:2      | Lost mutation: You have hidden genetic potential. [potion
                  | of mutation]
  2598 | D:2      | Lost mutation: You have sharp fingernails. [potion of
                  | mutation]
  2598 | D:2      | Lost mutation: You occasionally lose the ability to drink
                  | potions when taking damage. [potion of mutation]
  2598 | D:2      | Gained mutation: Armour fits poorly on your strangely
                  | shaped body. [potion of mutation]
  2598 | D:2      | Gained mutation: You are dopey. (Int -2) [potion of
                  | mutation]
  2878 | D:3      | Reached skill level 5 in Axes
  3143 | D:3      | 3143 ||| Stepping ~*~*~tactically~*~*~ (stealth).
  3164 | D:3      | 3164 ||| Stepping ~*~*~tactically~*~*~ (stealth).
  3165 | D:3      | 3165 ||| Stepping ~*~*~tactically~*~*~ (stealth).
  3168 | D:3      | 3168 ||| Stepping ~*~*~tactically~*~*~ (stealth).
  3170 | D:3      | 3170 ||| Stepping ~*~*~tactically~*~*~ (stealth).
  3177 | D:3      | 3177 ||| FLEEEEING.
  3246 | D:3      | 3246 ||| FLEEEEING.
  3247 | D:3      | 3247 ||| FLEEEEING.
  3248 | D:3      | 3248 ||| FLEEEEING.
  3249 | D:3      | 3249 ||| FLEEEEING.
  3286 | D:3      | 3286 ||| Stepping ~*~*~tactically~*~*~ (stealth).
  3322 | D:3      | 3322 ||| Stepping ~*~*~tactically~*~*~ (stealth).
  3323 | D:3      | 3323 ||| Stepping ~*~*~tactically~*~*~ (stealth).
  3420 | D:3      | Gained mutation: Your magical nature lets you fly swiftly
                  | and evasively. [Tengu growth]
  3420 | D:3      | Reached XP level 5. HP: 20/30 MP: 9/9
  3823 | D:3      | 3823 ||| Stepping ~*~*~tactically~*~*~ (stealth).
  3825 | D:3      | 3825 ||| Stepping ~*~*~tactically~*~*~ (hiding).
  3838 | D:3      | Reached skill level 6 in Axes
  3842 | D:3      | 3842 ||| DROPPING +0 whip.
  3994 | D:3      | 3994 ||| UPGRADING to +0 ring mail.
  4004 | D:3      | 4004 ||| DROPPING +0 leather armour.
  4005 | D:3      | 4005 ||| UPGRADING to +0 chain mail.
  4015 | D:3      | 4015 ||| DROPPING +0 ring mail.
  4016 | D:3      | 4016 ||| READING scroll labelled COBIQA PIE.
  4017 | D:3      | 4017 ||| READING scroll labelled LESEPN FYFIT.
  4018 | D:3      | 4018 ||| READING scroll labelled WOISHI QECVA.
  4019 | D:3      | 4019 ||| DRINKING 2 red potions.
  4020 | D:3      | 4020 ||| DROPPING potion of magic.
  4034 | D:4      | 4034 ||| PLANNING SEWER
  4049 | D:4      | 4049 ||| FLEEEEING.
  4050 | D:4      | 4050 ||| STAIRDANCE
  4109 | D:4      | HP: 7/30 [scorpion (2)]
  4110 | D:4      | 4110 ||| READING 4 scrolls of teleportation.
  4110 | D:4      | HP: 3/30 [poisoned by a scorpion]
  4110 | D:4      | Slain by a scorpion

Levels and vault maps discovered:
D:1:      dpeg_arrival_orchard, layout_basic
D:2:      layout_loops_ring, dreamdust_ecumenical_altar_drowned_temple,
          basic_altar
D:3:      layout_basic, st_stairs_14
D:4:      layout_cave_pools, temple_pool_b, gup_sewer_entry_glass,
          hangedman_abyss_or_decor_stagger, amcnicky_mini_corridor_feature,
          serial_bayou_pond_d

Skill      XL: |  1  2  3  4  5 |
---------------+----------------+-----
Axes           | 3 4 5 6 |  6.1
Fighting       | |  2.0
Throwing       | |  1.0
Armour         | |  1.1
Dodging        | |  2.1
Spellcasting   | |  2.0
Translocations | |  2.4

Action                   |  1- 3 |  4- 6 || total
-------------------------+-------+-------++-------
Melee: Hand axe          |   106 |    85 ||   191
       Kick              |    18 |    26 ||    44
       Peck              |    11 |    11 ||    22
       Punch             |     1 |       ||     1
Throw: Boomerang         |     7 |     1 ||     8
  Use: Scroll            |     4 |     5 ||     9
       Potion            |       |     3 ||     3
Armor: Leather armour    |    29 |     5 ||    34
       Chain mail        |       |     4 ||     4
Dodge: Dodged            |    77 |    52 ||   129

Table legend:
 A = Non-vault XP
 B = Vault XP
 C = Vault XP percentage of total XP
 D = Non-vault monster count
 E = Vault monster count
 F = Vault count percentage of total count
                 A         B        C        D         E       F
            +---------+---------+-------+---------+---------+-------
      Total |     243 |       3 |   1.2 |      72 |       3 |   4.0
            +---------+---------+-------+---------+---------+-------
        D:1 |      51 |       0 |   0.0 |      31 |       0 |   0.0
        D:2 |      48 |       1 |   2.0 |      15 |       1 |   6.2
        D:3 |     141 |       2 |   1.4 |      24 |       2 |   7.7
        D:4 |       3 |       0 |   0.0 |       2 |       0 |   0.0
            +---------+---------+-------+---------+---------+-------
